 Dungeon Crawl Stone Soup version 0.22-a0-351-g29664b4 (webtiles) character file.

180 Amnesiac the Shooter (level 5, -2/36 HPs)
             Began as a Spriggan Wanderer on Apr 12, 2018.
             Was an Initiate of Okawaru.
             Slain by an ogre
             ... wielding a +0 giant club
              (15 damage)
             ... in the Ecumenical Temple.
             The game lasted 00:03:00 (2789 turns).

Amnesiac the Shooter (Spriggan Wanderer)            Turns: 2789, Time: 00:03:01

Health: -2/36      AC:  2    Str: 18    XL:     5   Next: 33%
Magic:  8/8        EV: 19    Int: 13    God:    Okawaru [......]
Gold:   82         SH:  5    Dex: 15    Spells: 4/6 levels left

rFire    . . .     SeeInvis +   (weapon restricted)
rCold    . . .     Gourm    .   (shield restricted)
rNeg     . . .     Faith    .   b - +0 robe
rPois    .         Spirit   .   (helmet restricted)
rElec    .         Reflect  +   (no cloak)
rCorr    .         Harm     .   (gloves unavailable)
MR       .....                  (boots unavailable)
Stlth    ..........             i - +5 amulet of reflection
HPRegen  0.12/turn              e - +3 ring of strength
MPRegen  0.11/turn              (no ring)

@: berserking, lethally poisoned (-2 -> -4), very slightly contaminated,
invisible, very quick
A: very small, unfitting armour, see invisible, herbivore, speed 3, slow
metabolism 2
a: Renounce Religion


You were in the Ecumenical Temple.
You worshipped Okawaru.
Okawaru was noncommittal.
You were not hungry.

You visited 2 branches of the dungeon, and saw 5 of its levels.

You collected 82 gold pieces.

Inventory:

Hand Weapons
 c - a +0 shortbow
Armour
 b - a +0 robe (worn)
Jewellery
 e - a +3 ring of strength (left hand)
 i - a +5 amulet of reflection (around neck)
Wands
 a - a wand of flame (15)
Scrolls
 h - 3 scrolls of remove curse {!r, unknown}
 j - a scroll of fear {!r, unknown}
 l - a scroll of amnesia {!r, unknown}
 m - a scroll of noise {!r, unknown}
 o - a scroll of magic mapping {!r}
 r - a scroll of fog {!r}
Potions
 k - a potion of mutation {!q}
 p - a potion of berserk rage {!q}
 q - a potion of brilliance {!q}
Comestibles
 f - 8 rations


   Skills:
 + Level 6.8 Bows
 - Level 4.4 Dodging
 - Level 1.3 Spellcasting
   Level 1.5 Charms
   Level 1.0 Air Magic
 - Level 2.6 Evocations


You had 4 spell levels left.
You knew the following spells:

 Your Spells              Type           Power        Failure   Level  Hunger
a - Sticks to Snakes      Tmut           #.......     38%         2    ###....


Dungeon Overview and Level Annotations

Branches:
Dungeon (4/15)             Temple (1/1) D:4

Altars:
Cheibriados
Dithmenos
Gozag
Kikubaaqudgha
Nemelex Xobeh
Okawaru
Ru
Trog
Vehumet
Yredelemnul
Zin
The Shining One

Annotations:
D:3 Sigmund


Innate Abilities, Weirdness & Mutations

You are very small and have problems with some larger weapons.
You are too small for most types of armour.
You have supernaturally acute eyesight. (SInv)
You are a herbivore.
You cover ground extremely quickly.
You need to consume almost no food.


Message History

The adder misses you.
Firing (i - inventory)
d - 5 arrows (quivered)
Press: ? - help, Shift-Dir - straight line, f - adder
Aim: an adder You shoot an arrow.
The arrow barely misses the adder.
The arrow hits the ogre!
The ogre is moderately wounded.
You block the adder's attack.
Firing (i - inventory)
d - 4 arrows (quivered)
Press: ? - help, Shift-Dir - straight line, f/p - adder
Aim: an adder You shoot an arrow.
The arrow hits the adder.
The adder is moderately wounded.
The adder misses you.
Firing (i - inventory)
d - 3 arrows (quivered)
Press: ? - help, Shift-Dir - straight line, f/p - adder
Aim: an adder (moderately wounded)
You shoot an arrow.
The arrow hits the adder but does no damage.
The adder is moderately wounded.
The adder bites you.
* * * LOW HITPOINT WARNING * * *
You are poisoned.
The adder poisons you! The adder barely misses you.
Firing (i - inventory)
d - 2 arrows (quivered)
Press: ? - help, Shift-Dir - straight line, f/p - adder
Aim: an adder (moderately wounded)
You shoot an arrow.
The arrow hits the adder but does no damage.
The adder is moderately wounded.
You feel sick. The adder misses you.
Firing (i - inventory)
d - an arrow (quivered)
Press: ? - help, Shift-Dir - straight line, f/p - adder
Aim: an adder (moderately wounded)
You shoot an arrow. The arrow hits the adder.
The adder is severely wounded.
The adder completely misses you.
Firing (i - inventory) No suitable missiles.
Press: ? - help, Shift-Dir - straight line, f/p - adder
Aim: an adder (severely wounded)
Okay, then.
Firing (i - inventory) No suitable missiles.
Press: ? - help, Shift-Dir - straight line, f/p - adder
Aim: an adder (severely wounded)
Okay, then.
Okay, then.
You are now empty-handed.
The adder barely misses you.
Wield which item (- for none, * to show all)? (? for menu, Esc to quit)
Okay, then.
Really quaff
n - a potion of invisibility {!q}?
You fade into invisibility!
You feel sick. You block the adder's attack.
You are very lightly contaminated with residual magic.
Really quaff
p - 2 potions of berserk rage {!q}?
A red film seems to cover your vision as you go berserk!
You feel yourself moving faster!
You feel mighty! The adder completely misses you.
You strike the helpless adder from behind!
You hit the adder.
You kill the adder!
Okawaru accepts your kill.
You hit the ogre.
The ogre is heavily wounded.
The ogre hits you with a giant club!
You die...

######### ######### #
###.......### ###.......###
###...⌠...⌠...###..._..._...##
.#.............#.............#
###...........###...........##
........<...(((O@....._...###
###...........###...........##
.#.............#.............#
###...⌠...⌠...###..._..._...##
# ###.......### ###.......###
######### #########


You could see an ogre.

Vanquished Creatures
  2 hounds (Temple)
  Terence (D:2)
  A gnoll (D:3)
  3 adders
  3 dart slugs
  2 worms (D:2)
  3 leopard geckos
  5 hobgoblins
  4 jackals (D:2)
  A quokka (D:2)
  A ball python (D:1)
  6 bats
  3 frilled lizards
  6 goblins
  4 kobolds
  4 rats
49 creatures vanquished.

Notes
Turn   | Place    | Note
-------+----------+-------------------------------------------
     0 | D:1      | Amnesiac the Spriggan Wanderer began the quest for the Orb.
     0 | D:1      | Amnesiac set off with: a wand of flame (15), a +0 robe, a +0 shortbow, 29 arrows, a ration
     0 | D:1      | Reached XP level 1. HP: 9/9 MP: 3/3
   110 | D:1      | Reached skill level 3 in Bows
   220 | D:1      | Reached XP level 2. HP: 11/13 MP: 5/5
   437 | D:1      | Reached skill level 4 in Bows
  1028 | D:2      | Reached XP level 3. HP: 5/16 MP: 6/6
  1369 | D:2      | Learned a level 2 spell: Sticks to Snakes
  1796 | D:2      | Reached skill level 5 in Bows
  1829 | D:2      | Found a sparkling altar of Nemelex Xobeh.
  1897 | D:2      | Noticed Terence
  1955 | D:2      | Killed Terence
  1955 | D:2      | Reached XP level 4. HP: 8/21 MP: 7/7
  2362 | D:3      | Found a bloodstained altar of Trog.
  2454 | D:3      | Reached skill level 6 in Bows
  2459 | D:3      | Noticed Sigmund
  2607 | D:4      | Noticed an ogre
  2623 | D:4      | Found a staircase to the Ecumenical Temple.
  2632 | Temple   | Entered the Ecumenical Temple
  2649 | Temple   | Became a worshipper of Warmaster Okawaru
  2650 | Temple   | Reached XP level 5. HP: 17/24 MP: 8/8
  2789 | Temple   | Slain by an ogre

Vault maps used:
D:1:      nzn_arrival_depleted_hourglass, hangedman_decor_growths,
          minmay_pentomino_t4
D:2:      overflow_temple_1_default, first_ration, uniq_terence
D:3:      lemuel_coloured_pillars_altar, uniq_sigmund
D:4:      minmay_temple_entry_mist, serial_shops,
          nicolae_shop_overgrown_old_shop, minmay_misc_feat_roman,
          minmay_crystal_room, hangedman_feature_mirror
Temple:   zaba_magenta_temple

Skill      XL: |  1  2  3  4 |
---------------+-------------+-----
Bows           | 3 4 5 6 |  6.8
Dodging        | |  4.4
Spellcasting   | |  1.3
Charms         | |  1.5
Air Magic      | |  1.0
Evocations     | |  2.6

Action                   |  1- 3 |  4- 6 || total
-------------------------+-------+-------++-------
Melee: Unarmed           |       |     2 ||     2
 Fire: Shortbow          |   157 |    59 ||   216
  Use: Scroll            |       |     5 ||     5
       Potion            |       |     3 ||     3
 Stab: Invisible         |       |     1 ||     1
Armor: Robe              |     2 |     3 ||     5
Dodge: Dodged            |    54 |    35 ||    89
Block: Other             |       |    10 ||    10

Table legend:
 A = Spawn XP
 B = Non-spawn XP
 C = Spawn XP percentage of total XP
 D = Spawn monster count
 E = Non-spawn monster count
 F = Spawn count percentage of total count
 G = Total turns spent on level
                    A         B        C        D         E        F      G
               +---------+---------+-------+---------+---------+-------+---------
         Total |       0 |     258 |   0.0 |       0 |      49 |   0.0 |  2789
               +---------+---------+-------+---------+---------+-------+---------
           D:1 |       0 |      32 |   0.0 |       0 |      17 |   0.0 |   971
           D:2 |       0 |      97 |   0.0 |       0 |      23 |   0.0 |  1384
           D:3 |       0 |      33 |   0.0 |       0 |       6 |   0.0 |   150
        Temple |       0 |      96 |   0.0 |       0 |       3 |   0.0 |   155
               +---------+---------+-------+---------+---------+-------+---------
